[Event "*** Titled Tuesday Blitz"]
[Site "Chess.com"]
[Date "2020.12.01"]
[Round "11"]
[White "Michaelson_11"]
[Black "javirec"]
[Result "1-0"]
[WhiteElo "2201"]
[BlackElo "2355"]
[TimeControl "180+1"]
[EndTime "12:00:34 PST"]
[Termination "Michaelson_11 won by resignation"]

1. e4 c5 2. Nf3 e6 3. d4 cxd4 4.
Nxd4 Nf6 5. Nc3 Nc6 6. Ndb5 Bb4 7. a3 Bxc3+ 8. Nxc3 d5 9. exd5 exd5 10. Bd3 O-O 11. O-O d4 12. Ne2 Re8 13. Bg5 Re5 14. f4 Rd5 15. Ng3 Bg4 16. Bxf6 Bxd1 17. Bxd8 Bxc2 18. Bxc2 d3 19. Bb3 Rb5 20. Bc4 Rc5 21.
Rac1 d2 22. Bxf7+ Kxf7 23. Rxc5 Rxd8 24. Rd1 1-0

[Event "*** Titled Tuesday Blitz"]
[Site "Chess.com"]
[Date "2020.12.01"]
[Round "11"]
[White "Sacbutt"]
[Black "JiiHart"]
[Result "1-0"]
[WhiteElo "2246"]
[BlackElo "2089"]
[TimeControl "180+1"]
[EndTime "12:00:37 PST"]
[Termination "Sacbutt won by resignation"]

1. e4 c5 2. Nf3 Nc6 3. d4 cxd4 4. c3 Nf6 5. e5 Nd5 6. cxd4 d6 7. Nc3 Nxc3 8. bxc3 dxe5 9. Nxe5 Nxe5 10. dxe5 Qxd1+ 11. Kxd1 Bf5 12. Bb5+ Bd7 13. Bxd7+ Kxd7 14.
Be3 e6 15. Ke2 b6 16. Rhd1+ Kc7 17. a4 Be7 18. a5 Rhd8 19. Rxd8 Rxd8 20. axb6+ Kb7 21.
Rxa7+ 1-0

[Event "*** Titled Tuesday Blitz"]
[Site "Chess.com"]
[Date "2020.12.01"]
[Round "11"]
[White "Shota_Azaladze"]
[Black "Bigfish1995"]
[Result "0-1"]
[WhiteElo "2673"]
[BlackElo "3035"]
[TimeControl "180+1"]
[EndTime "12:01:15 PST"]
[Termination "Bigfish1995 won by resignation"]

1. Nf3 d5 2. g3 g6 3. Bg2 Bg7 4. d4 Nf6 5. O-O O-O 6. c3 b6 7. Nbd2 Bb7 8. Ne5 Nfd7 9. Nd3 c5 10. dxc5 bxc5 11. c4 e6 12. Rb1 Na6 13. b3 Nb6 14.
cxd5 exd5 15. Bb2 Bxb2 16. Nxb2 Rc8 17. e4 Nb4 18. a3 Na2 19. Qc2 c4 20. bxc4 dxc4 21.
Nbxc4 Nxc4 22. Nxc4 Ba6 23. Rfd1 Rxc4 24. Qxa2 Qc7 25.
Qb2 Rc2 26. Qf6 Be2 27. Rd6 Rc1+ 0-1

[Event "*** Titled Tuesday Blitz"]
[Site "Chess.com"]
[Date "2020.12.01"]
[Round "11"]
[White "toog"]
[Black "dhaessel"]
[Result "1-0"]
[WhiteElo "2337"]
[BlackElo "1887"]
[TimeControl "180+1"]
[EndTime "12:01:15 PST"]
[Termination "toog won by resignation"]

1. e4 e5 2. Nf3 Nc6 3. Bb5 Nf6 4.
O-O Nxe4 5. Re1 Nd6 6. Nxe5 Be7 7.
Bf1 Nxe5 8. Rxe5 Kf8 9. d4 Bf6 10. Re1 g6 11. Bh6+ Bg7 12. Qd2 Qf6 13. Nc3 Nf5 14.
Bg5 Qxd4 15. Qe2 Bf6 16. Rad1 Bxg5 17. Rxd4 Nxd4 18. Qe5 1-0

[Event "*** Titled Tuesday Blitz"]
[Site "Chess.com"]
[Date "2020.12.01"]
[Round "11"]
[White "lokomotiv777"]
[Black "Joel1285"]
[Result "1-0"]
[WhiteElo "2130"]
[BlackElo "1824"]
[TimeControl "180+1"]
[EndTime "12:01:20 PST"]
[Termination "lokomotiv777 won by resignation"]

1. d4 Nf6 2. Nf3 e6 3. c4 Bb4+ 4. Nbd2 O-O 5. e3 d5 6. Be2 b6 7. O-O Ba6 8. b3 Bc3 9. Rb1 Bb4 10. Bb2 Be7 11. Ne5 Nfd7 12. Ndf3 f6 13. Nd3 dxc4 14.
Nf4 Kf7 15. d5 1-0

[Event "*** Titled Tuesday Blitz"]
[Site "Chess.com"]
[Date "2020.12.01"]
[Round "11"]
[White "Forantes"]
[Black "awesomevishesh"]
[Result "0-1"]
[WhiteElo "2388"]
[BlackElo "2544"]
[TimeControl "180+1"]
[EndTime "12:01:31 PST"]
[Termination "awesomevishesh won by checkmate"]

1. Nf3 Nf6 2. g3 g6 3. Bg2 Bg7 4. O-O O-O 5. d4 d6 6. c4 Nc6 7. Nc3 e5 8. Re1 Re8 9. e4 Bg4 10. d5 Nd4 11. Be3 Nd7 12. h3 Bxf3 13. Bxf3 c5 14.
Bg2 Rf8 15. f4 exf4 16. Bxf4 Ne5 17. Ne2 Ndf3+ 18. Bxf3 Nxf3+ 19. Kf2 Nxe1 20. Qxe1 f5 21. Nc3 fxe4 22. Nxe4 g5 23. Nxg5 Qxg5 24. Qe6+ Kh8 25. h4 Rxf4+ 26. gxf4 Qxf4+ 27. Kg2 Rf8 28. Qe2 Be5 29.
Rg1 Qh2# 0-1

[Event "*** Titled Tuesday Blitz"]
[Site "Chess.com"]
[Date "2020.12.01"]
[Round "11"]
[White "politeplayer"]
[Black "MoreChessJulia"]
[Result "1-0"]
[WhiteElo "2254"]
[BlackElo "2109"]
[TimeControl "180+1"]
[EndTime "12:01:38 PST"]
[Termination "politeplayer won by resignation"]

1. e4 c5 2. c3 d5 3. exd5 Qxd5 4. d4 e6 5. Nf3 a6 6. Be3 Nc6 7. c4 Qh5 8. d5 Ne5 9. Be2 Nxf3+ 10. Bxf3 Qg6 11.
dxe6 Qxe6 12. O-O Nf6 13. Re1 Be7 14. Bxc5 Bxc5 15. Rxe6+ fxe6 16. Nc3 O-O 17. Qe2 Rb8 18. Qe5 Bd7 19. Qxc5 1-0

[Event "*** Titled Tuesday Blitz"]
[Site "Chess.com"]
[Date "2020.12.01"]
[Round "11"]
[White "Omk124"]
[Black "Quiet_Desperation"]
[Result "0-1"]
[WhiteElo "2298"]
[BlackElo "1721"]
[TimeControl "180+1"]
[EndTime "12:01:43 PST"]
[Termination "Quiet_Desperation won by resignation"]

1. e4 e6 2. d4 d5 3. Nd2 Nf6 4. e5 Nfd7 5. Bd3 c5 6. c3 Nc6 7. Ne2 cxd4 8. cxd4 f6 9. exf6 Nxf6 10. Nf3 Bd6 11.
O-O Qc7 12. Bg5 O-O 13. Rc1 Bd7 14. a3 a6 15. Ng3 Bf4 16. Bxf4 Qxf4 17. Re1 Ng4 18.
Nh5 Qh6 19. Ng3 Rxf3 20. Qxf3 Qxh2+ 21. Kf1 Qh4 22. Qf4 Nh2+ 23. Kg1 Qxf4 24. Kxh2 Rf8 0-1

[Event "*** Titled Tuesday Blitz"]
[Site "Chess.com"]
[Date "2020.12.01"]
[Round "11"]
[White "MFBerna"]
[Black "Chessdreamer2020"]
[Result "1-0"]
[WhiteElo "2444"]
[BlackElo "2515"]
[TimeControl "180+1"]
[EndTime "12:02:03 PST"]
[Termination "MFBerna won by resignation"]

1. e4 d6 2. d4 Nf6 3. Nc3 e5 4. Nf3 Nbd7 5. Bc4 Be7 6. O-O O-O 7. Re1 c6 8. a4 a5 9. h3 exd4 10. Qxd4 Qc7 11. Bf4 Rd8 12. Rad1 Nf8 13. Ng5 Ne6 14. Nxe6 Bxe6 15. Bxe6 fxe6 16. Qc4 Kf7 17. e5 Nd5 18. Nxd5 exd5 19. Rxd5 Kf8 20. exd6 Rxd6 21. Rxe7 Kxe7 22. Bxd6+ Qxd6 23. Rxd6 Kxd6 24. Qd4+ Kc7 25. Qxg7+ Kb6 26.
Qxh7 Rd8 27. g4 Rd1+ 28. Kg2 Rb1 29. b3 1-0

[Event "*** Titled Tuesday Blitz"]
[Site "Chess.com"]
[Date "2020.12.01"]
[Round "11"]
[White "Blitzking642"]
[Black "Chuchofrio1"]
[Result "1-0"]
[WhiteElo "2245"]
[BlackElo "2398"]
[TimeControl "180+1"]
[EndTime "12:02:05 PST"]
[Termination "Blitzking642 won by checkmate"]

1. e4 e5 2. Nf3 Nc6 3. Bc4 Nf6 4. d3 Be7 5. O-O O-O 6. Re1 d6 7. c3 Bg4 8. Nbd2 Kh8 9. h3 Bh5 10. Nf1 Na5 11. Bb5 a6 12. Ba4 b5 13. Bc2 Nd7 14.
Ng3 Bg6 15. d4 Nc4 16. b3 Ncb6 17. Be3 exd4 18. cxd4 c5 19. Qd2 Bf6 20. Rad1 Rc8 21.
e5 dxe5 22. dxc5 Bxc2 23. Qxc2 Qc7 24. b4 Nc4 25. Bc1 a5 26. a3 Nb8 27. Ne4 Nc6 28. Nfg5 Bxg5 29. Nxg5 axb4 30. Qxh7# 1-0

[Event "*** Titled Tuesday Blitz"]
[Site "Chess.com"]
[Date "2020.12.01"]
[Round "11"]
[White "Sergey85Rodchenkov"]
[Black "vovachesss"]
[Result "1-0"]
[WhiteElo "2466"]
[BlackElo "2597"]
[TimeControl "180+1"]
[EndTime "12:02:09 PST"]
[Termination "Sergey85Rodchenkov won by resignation"]

1. e4 e5 2. Nf3 d5 3. Nxe5 Bd6 4. d4 dxe4 5. Nc4 Nf6 6. Be2 O-O 7. Nc3 Nc6 8. Nxd6 Qxd6 9. Be3 Rd8 10. O-O Nxd4 11. Bg5 Bf5 12. Re1 Qe5 13. Qc1 h6 14.
Bh4 e3 15. Bd1 Ng4 16. Bxg4 Bxg4 17. Rxe3 Bf5 18. Rxe5 1-0

[Event "*** Titled Tuesday Blitz"]
[Site "Chess.com"]
[Date "2020.12.01"]
[Round "11"]
[White "AliKa2810"]
[Black "PlotnikovPavel"]
[Result "1-0"]
[WhiteElo "2590"]
[BlackElo "2478"]
[TimeControl "180+1"]
[EndTime "12:02:17 PST"]
[Termination "AliKa2810 won by checkmate"]

1. d4 Nf6 2. c4 g6 3. Nc3 Bg7 4. e4 O-O 5. f4 d6 6. Nf3 Na6 7. e5 dxe5 8. fxe5 Nd7 9. Bf4 c5 10. d5 f6 11. e6 Ne5 12. Nxe5 fxe5 13. Be3 e4 14. Qd2 Qb6 15. Be2 Rd8 16. Qc2 Qb4 17. O-O b6 18. a3 Qa5 19. Nxe4 Bb7 20. Bd2 Bd4+ 21. Kh1 Nb4 22. axb4 Qxa1 23. Rxa1 cxb4 24. Bxb4 Rdc8 25. Qd2 Bc5 26. Bc3 Rf8 27. Qh6 Rf7 28. Ng5 Bxd5 29. cxd5 Bd4 30. exf7+ Kh8 31. Bxd4+ e5 32.
Bxe5# 1-0

[Event "*** Titled Tuesday Blitz"]
[Site "Chess.com"]
[Date "2020.12.01"]
[Round "11"]
[White "redbaron8888"]
[Black "jacky72"]
[Result "0-1"]
[WhiteElo "2568"]
[BlackElo "2724"]
[TimeControl "180+1"]
[EndTime "12:02:19 PST"]
[Termination "jacky72 won by resignation"]

1. d4 Nf6 2. c4 g6 3. Nc3 Bg7 4. e4 O-O 5. Be2 d6 6. Bg5 Na6 7. Qd2 e5 8. d5 Qe8 9. O-O-O Nc5 10. f3 Nh5 11. Be3 Bd7 12. g3 a6 13. Kb1 b5 14.
Rc1 Rb8 15. cxb5 axb5 16. b4 Na4 17. Nxa4 bxa4 18. a3 Rc8 19. Ba6 Ra8 20. Bd3 c6 21. Bc4 cxd5 22. Bxd5 Rc8 23. Ne2 Kh8 24. Rxc8 Bxc8 25.
Rc1 f5 26. Rc7 fxe4 27. Bxe4 Qe6 28. Qd5 Nf6 29. Qxe6 Bxe6 30. Bc2 Nd5 0-1

[Event "*** Titled Tuesday Blitz"]
[Site "Chess.com"]
[Date "2020.12.01"]
[Round "11"]
[White "bazar-wokzal"]
[Black "GMSrinath"]
[Result "0-1"]
[WhiteElo "2542"]
[BlackElo "2784"]
[TimeControl "180+1"]
[EndTime "12:02:37 PST"]
[Termination "GMSrinath won by resignation"]

1. e4 c5 2. c3 Nf6 3. e5 Nd5 4.
d4 cxd4 5. cxd4 g6 6. Nc3 Nxc3 7. bxc3 Bg7 8. h4 d6 9. f4 h5 10. Bd3 dxe5 11. fxe5 Bg4 12. Nf3 Nc6 13. O-O Rc8 14. Qb3 O-O 15. Ng5 e6 16. Be4 Na5 17. Qc2 Nc4 18.
Bxg6 fxg6 19. Qxg6 Rxf1+ 20. Kxf1 Qf8+ 21. Kg1 Qf5 22. Qxf5 Bxf5 23. Bf4 Nb2 24. Bd2 Nc4 25. Bf4 Rc6 26.
a4 Rb6 27. Ra2 Rb3 28. Bd2 Bb1 0-1

[Event "*** Titled Tuesday Blitz"]
[Site "Chess.com"]
[Date "2020.12.01"]
[Round "11"]
[White "Semetey"]
[Black "JoliyRoger"]
[Result "1-0"]
[WhiteElo "2578"]
[BlackElo "2400"]
[TimeControl "180+1"]
[EndTime "12:02:38 PST"]
[Termination "Semetey won by checkmate"]

1. Nf3 Nf6 2. e3 c5 3. d4 e6 4.
Bd3 b6 5. O-O Bb7 6. Nbd2 Be7 7.
b3 O-O 8. Bb2 d6 9. Qe2 a6 10.
c4 Nbd7 11. Rfd1 Qc7 12. Rac1 Rfe8 13. e4 cxd4 14. Nxd4 Bf8 15. Bb1 Rac8 16. Nf1 Qb8 17. a3 Qa8 18. Ng3 Nc5 19. Re1 e5 20. Ndf5 Nxb3 21.
Rcd1 Nc5 22. Nxd6 Bxd6 23. Rxd6 Rcd8 24. Rxb6 Qa7 25. Rxf6 gxf6 26. Nf5 Ne6 27. Qg4+ Kh8 28. Qh4 Rd2 29. Qxf6+ Kg8 30. Nh6+ Kf8 31. Qxf7# 1-0

[Event "*** Titled Tuesday Blitz"]
[Site "Chess.com"]
[Date "2020.12.01"]
[Round "11"]
[White "CoachHakia"]
[Black "chesstatour"]
[Result "1-0"]
[WhiteElo "2148"]
[BlackElo "1980"]
[TimeControl "180+1"]
[EndTime "12:02:46 PST"]
[Termination "CoachHakia won by resignation"]

1. d4 c6 2. Nf3 d5 3. e3 Bg4 4. Be2 Nf6 5. Nbd2 e6 6. O-O Be7 7. Ne5 Bxe2 8. Qxe2 Nbd7 9. f4 Ne4 10. Nxe4 dxe4 11. Qh5 g6 12. Qh6 Bf8 13. Qh3 Bg7 14. b3 Rc8 15. Ba3 Qa5 16. Nc4 Qa6 17. Nd6+ Kd8 18.
Nxf7+ Kc7 19. Bd6+ Kb6 20. Nxh8 1-0

[Event "*** Titled Tuesday Blitz"]
[Site "Chess.com"]
[Date "2020.12.01"]
[Round "11"]
[White "kingofthenil"]
[Black "GMStefanova"]
[Result "0-1"]
[WhiteElo "2716"]
[BlackElo "2561"]
[TimeControl "180+1"]
[EndTime "12:02:48 PST"]
[Termination "GMStefanova won by resignation"]

1. e3 d5 2. c4 c6 3. Nc3 Nf6 4. Nf3 a6 5. b3 Bf5 6. Nh4 Bg4 7. f3 Be6 8. d4 g5 9. e4 gxh4 10. Bg5 dxe4 11. fxe4 Qa5 12. Qd2 Rg8 13. Bxh4 Bh6 14. Qb2 Nxe4 0-1

[Event "*** Titled Tuesday Blitz"]
[Site "Chess.com"]
[Date "2020.12.01"]
[Round "11"]
[White "LamaChampetre"]
[Black "NiranjanNavalgund"]
[Result "0-1"]
[WhiteElo "2235"]
[BlackElo "2423"]
[TimeControl "180+1"]
[EndTime "12:02:57 PST"]
[Termination "NiranjanNavalgund won by resignation"]

1. d4 Nf6 2. c4 Nc6 3. Nc3 e5 4. dxe5 Nxe5 5. e3 Bc5 6. f4 Neg4 7. Nd5 d6 8. Nxf6+ Qxf6 9. Qd3 Bf5 10. e4 Nf2 11. exf5 Nxd3+ 12. Bxd3 O-O 13. Nf3 Rfe8+ 14.
Kd1 Be3 15. Kc2 h6 16. Bd2 Bxd2 17. Nxd2 Qd4 18. Rhf1 Re3 0-1

[Event "*** Titled Tuesday Blitz"]
[Site "Chess.com"]
[Date "2020.12.01"]
[Round "11"]
[White "WelshTiger"]
[Black "Chernov_Mikhail"]
[Result "0-1"]
[WhiteElo "2426"]
[BlackElo "2310"]
[TimeControl "180+1"]
[EndTime "12:02:58 PST"]
[Termination "Chernov_Mikhail won by checkmate"]

1. e4 c5 2. Nf3 Nc6 3. c3 Nf6 4. e5 Nd5 5. d4 cxd4 6. Bc4 Nb6 7. Bxf7+ Kxf7 8. cxd4 e6 9. O-O Be7 10. Nc3 Rf8 11. Ne4 Kg8 12. Qd3 Nd5 13. Neg5 Rf5 14. Nxh7 Qe8 15. g4 Rxf3 16. Qxf3 Kxh7 17. Be3 b6 18.
Qe4+ Qg6 19. f4 Qxe4 20. Rae1 Nxe3 21. d5 Qg2# 0-1

[Event "*** Titled Tuesday Blitz"]
[Site "Chess.com"]
[Date "2020.12.01"]
[Round "11"]
[White "fyall777"]
[Black "snowlord"]
[Result "0-1"]
[WhiteElo "2321"]
[BlackElo "2781"]
[TimeControl "180+1"]
[EndTime "12:03:00 PST"]
[Termination "snowlord won on time"]

1. e4 c5 2. Nf3 d6 3. d4 cxd4 4. Nxd4 Nf6 5. Nc3 a6 6. f3 e5 7.
Nb3 Be6 8. Be3 Nbd7 9. Qd2 Be7 10. O-O-O b5 11. g4 b4 12. Nd5 Bxd5 13. exd5 Nb6 14. Bxb6 Qxb6 15. g5 Nh5 16. h4 a5 17. Qd3 O-O 18.
Nd2 a4 19. Nc4 Qc5 20. Qe3 Rfc8 21. Qxc5 Rxc5 22. Kb1 Ng3 23. Nb6 Ra7 24. Rg1 Nxf1 25. Rgxf1 Bd8 0-1

[Event "*** Titled Tuesday Blitz"]
[Site "Chess.com"]
[Date "2020.12.01"]
[Round "11"]
[White "hleol"]
[Black "GMaka"]
[Result "1-0"]
[WhiteElo "2348"]
[BlackElo "2418"]
[TimeControl "180+1"]
[EndTime "12:03:03 PST"]
[Termination "hleol won by resignation"]

1. d4 d5 2. c4 c5 3. Nf3 e6 4. cxd5 exd5 5. Nc3 Nf6 6. g3 Nc6 7. Bg2 cxd4 8. Nxd4 Bc5 9. Nxc6 bxc6 10. O-O O-O 11. Na4 Be7 12. Be3 Ba6 13. Rc1 Bb5 14. Nc5 Ng4 15. Bd4 Bf6 16. Bxf6 Nxf6 17. a4 Bc4 18. b3 Qe7 19. bxc4 Qxc5 20. cxd5 Qa5 21. dxc6 Rac8 22. Qb3 Rfd8 23. Rfd1 g6 24. Rxd8+ Qxd8 25.
Bh3 Rc7 26. a5 Kg7 27. a6 Qd6 28. Bg2 Qd4 29. Rd1 Qc5 30. Qb2 Qa5 31. h3 Qxa6 32.
Rd6 1-0

[Event "*** Titled Tuesday Blitz"]
[Site "Chess.com"]
[Date "2020.12.01"]
[Round "11"]
[White "hansen"]
[Black "Gurvich_Vitaly"]
[Result "1-0"]
[WhiteElo "2892"]
[BlackElo "2614"]
[TimeControl "180+1"]
[EndTime "12:03:05 PST"]
[Termination "hansen won by resignation"]

1. e4 c5 2. d4 cxd4 3. c3 d3 4. Bxd3 Nc6 5. c4 g6 6. h3 Bg7 7. Nf3 d6 8. O-O b6 9. Nc3 Bb7 10. Bf4 Nf6 11. Qe2 Nd7 12. Rad1 O-O 13. Nd5 Nde5 14.
Nxe5 dxe5 15. Bg5 f6 16. Be3 e6 17. Nc3 Nd4 18. Qe1 Rf7 19. f4 Rd7 20. fxe5 fxe5 21. Qg3 Nf5 22. exf5 Rxd3 23. Rxd3 Qxd3 24. f6 Rf8 25. Rd1 Qxc4 26. fxg7 Re8 27. Bh6 1-0

[Event "*** Titled Tuesday Blitz"]
[Site "Chess.com"]
[Date "2020.12.01"]
[Round "11"]
[White "davidkalashian"]
[Black "RD4ever"]
[Result "0-1"]
[WhiteElo "2581"]
[BlackElo "2812"]
[TimeControl "180+1"]
[EndTime "12:03:08 PST"]
[Termination "RD4ever won by resignation"]

1. e4 c5 2. Nc3 Nc6 3. Nf3 g6 4. d4 cxd4 5. Nxd4 Bg7 6. Be3 Nf6 7.
Bc4 O-O 8. Bb3 Re8 9. f3 e6 10. Nxc6 bxc6 11. Qd6 Nd5 12. exd5 exd5 13. Kf2 d4 14.
Bxd4 Qh4+ 15. g3 Qxd4+ 16. Qxd4 Bxd4+ 17. Kg2 Bxc3 18. bxc3 Re2+ 19. Kf1 Ba6 20. c4 Rae8 21. h4 d5 22. Kg1 dxc4 23. Ba4 Bb5 24. Bxb5 cxb5 0-1

[Event "*** Titled Tuesday Blitz"]
[Site "Chess.com"]
[Date "2020.12.01"]
[Round "11"]
[White "2nd_life"]
[Black "ChelsieMonica"]
[Result "1-0"]
[WhiteElo "2572"]
[BlackElo "2402"]
[TimeControl "180+1"]
[EndTime "12:03:20 PST"]
[Termination "2nd_life won by resignation"]

1. e4 e5 2. f4 exf4 3. Nf3 d5 4. exd5 Qxd5 5. Nc3 Qd8 6. d4 Nf6 7. Bxf4 Be7 8. Bc4 O-O 9. O-O c6 10. Ne5 Nd5 11. Nxd5 cxd5 12. Bd3 h6 13. Qh5 Bg5 14.
Nxf7 Rxf7 15. Qxf7+ Kxf7 16. Bxg5+ Qf6 17. Bxf6 gxf6 18.
Rf4 Be6 19. Raf1 Nd7 20. Bf5 Rg8 21. Re1 Bxf5 22. Rxf5 Nb6 23. c3 Rg5 24. Rxg5 hxg5 25. Kf2 Nc4 26. b3 Nd6 27. Kf3 b5 28. g3 a5 29. h4 a4 30. hxg5 fxg5 31. Re5 axb3 32.
axb3 Ne4 33. Rxe4 1-0

[Event "*** Titled Tuesday Blitz"]
[Site "Chess.com"]
[Date "2020.12.01"]
[Round "11"]
[White "PSvidler"]
[Black "Sebastian"]
[Result "0-1"]
[WhiteElo "2865"]
[BlackElo "2959"]
[TimeControl "180+1"]
[EndTime "12:03:29 PST"]
[Termination "Sebastian won by resignation"]

1. e4 c5 2. Nf3 d6 3. Bb5+ Nd7 4. Ba4 Nf6 5. O-O e6 6. Re1 Be7 7. c4 O-O 8. d4 cxd4 9. Qxd4 Qc7 10. Nc3 a6 11.
Be3 b6 12. Bg5 h6 13. Bh4 Ne5 14. Nd2 Ng6 15. Bg3 Nh5 16. Rac1 Bb7 17. Bd1 Nxg3 18. hxg3 Rac8 19. Be2 Rfd8 20. Na4 Bc6 21. Nxb6 e5 22. Qe3 Bg5 0-1

[Event "*** Titled Tuesday Blitz"]
[Site "Chess.com"]
[Date "2020.12.01"]
[Round "11"]
[White "03revilo"]
[Black "chessmadara"]
[Result "1-0"]
[WhiteElo "2309"]
[BlackElo "2178"]
[TimeControl "180+1"]
[EndTime "12:03:34 PST"]
[Termination "03revilo won by resignation"]

1. Nf3 c5 2. Rg1 g6 3. g4 Bg7 4.
h3 Nc6 5. d3 d5 6. Nc3 e6 7. Bg2 Nge7 8. Bg5 h6 9. Bf4 Qa5 10.
Qd2 Qb4 11. Rb1 Bd7 12. g5 Nf5 13. gxh6 Bxh6 14. Bxh6 Nxh6 15. Qg5 d4 16. a3 Qa5 17. b4 Qxa3 18. Ne4 Nxb4 19. Nf6+ Kd8 20. Nd5+ Kc8 21. Ne7+ Kc7 22. Qxc5+ Kd8 23. Rxb4 Qa1+ 24. Kd2 Qc3+ 25.
Qxc3 dxc3+ 26. Kxc3 Kxe7 27. Rxb7 Rhc8+ 28. Kd2 Nf5 29. Ne5 1-0

[Event "*** Titled Tuesday Blitz"]
[Site "Chess.com"]
[Date "2020.12.01"]
[Round "11"]
[White "ObidObad"]
[Black "Vandros57"]
[Result "1/2-1/2"]
[WhiteElo "2285"]
[BlackElo "2162"]
[TimeControl "180+1"]
[EndTime "12:03:41 PST"]
[Termination "Game drawn by repetition"]

1. Nh3 d5 2. Nf4 Nf6 3. d4 Bf5 4. e3 e6 5. c4 c6 6. Nc3 Nbd7 7.
Bd3 Bxd3 8. Qxd3 Bd6 9. Nfe2 O-O 10. f4 Qe7 11. c5 Bc7 12. Ng1 Ne4 13. Nxe4 dxe4 14.
Qxe4 f5 15. Qd3 Nf6 16. Nf3 Ne4 17. O-O a6 18. Nd2 Nxd2 19. Bxd2 Rad8 20. Qc4 Qd7 21. Rae1 Qd5 22. Qxd5 exd5 23. Bc3 Rd7 24. Rf3 Re8 25. h3 g6 26. Kf2 h5 27. g4 hxg4 28. hxg4 Rh7 29. gxf5 gxf5 30. Rg1+ Kf7 31. Rfg3 Rh2+ 32. Kf3 Rh7 33. Rg5 Kf6 34. Be1 Rh3+ 35. R5g3 Rxg3+ 36. Bxg3 Rh8 37. Rg2 Ba5 38. Rh2 Rxh2 39. Bxh2 Kg6 40.
Kg3 Kh5 41. Kh3 Bd2 42. Bg1 Bc1 43. b3 Bd2 44. Bf2 Bc1 45. a4 Bd2 46. Kg3 Ba5 47.
Kh3 Bd2 48. Kg3 Ba5 49. Kh3 Bd2 1/2-1/2

[Event "*** Titled Tuesday Blitz"]
[Site "Chess.com"]
[Date "2020.12.01"]
[Round "11"]
[White "WeAintSurePal"]
[Black "ARMQUEEN"]
[Result "1-0"]
[WhiteElo "2388"]
[BlackElo "2464"]
[TimeControl "180+1"]
[EndTime "12:03:47 PST"]
[Termination "WeAintSurePal won by resignation"]

1. d4 d5 2. c4 dxc4 3. Nf3 Nf6 4. e3 e6 5. Bxc4 a6 6. a4 c5 7. O-O Qc7 8. Qe2 Nc6 9. Nc3 b6 10. Rd1 Bb7 11. d5 exd5 12. Nxd5 Nxd5 13. Bxd5 Bd6 14.
Ng5 Bxh2+ 15. Kh1 O-O-O 16. Nxf7 Rxd5 17. Nxh8 Rf5 18. Qg4 g6 19. e4 Ne5 20. Qh3 Bxe4 21.
Kxh2 Ng4+ 22. Kg1 Nxf2 23. Qe3 Nxd1 24. Qxe4 Qg3 25. Qc6+ Kd8 26. Bg5+ Qxg5 27. Rxd1+ Ke7 28. Rd7+ 1-0

[Event "*** Titled Tuesday Blitz"]
[Site "Chess.com"]
[Date "2020.12.01"]
[Round "11"]
[White "Deepweb2020"]
[Black "catzapto"]
[Result "1-0"]
[WhiteElo "2256"]
[BlackElo "2115"]
[TimeControl "180+1"]
[EndTime "12:03:49 PST"]
[Termination "Deepweb2020 won by checkmate"]

1. d4 Nf6 2. Bf4 e6 3. e3 d5 4. c3 Bd6 5. Bg3 O-O 6. Nd2 c5 7. Ngf3 Nc6 8. Bb5 Re8 9. Bxc6 bxc6 10. Qa4 Bxg3 11. hxg3 Qb6 12. dxc5 Qxc5 13. Qh4 h6 14. g4 Ba6 15. g5 Qb5 16. Nd4 Qxb2 17. Rb1 Qxc3 18.
gxf6 Rab8 19. Rd1 Rb2 20. Qg4 g6 21. Rxh6 Rxd2 22. Rxg6+ Kf8 23. Rg8# 1-0

[Event "*** Titled Tuesday Blitz"]
[Site "Chess.com"]
[Date "2020.12.01"]
[Round "11"]
[White "Gudmundur_Kjartansson"]
[Black "Massakru"]
[Result "1-0"]
[WhiteElo "2570"]
[BlackElo "2332"]
[TimeControl "180+1"]
[EndTime "12:03:51 PST"]
[Termination "Gudmundur_Kjartansson won by resignation"]

1. d4 d5 2. c4 c6 3. Nc3 Nf6 4. e3 e6 5. Nf3 Bd6 6. Bd3 dxc4 7. Bxc4 b5 8. Bd3 Nbd7 9. O-O Bb7 10. e4 e5 11. Bg5 a6 12. Qc2 O-O 13. Rad1 Qc7 14.
dxe5 Nxe5 15. Nxe5 Bxe5 16. f4 Bd4+ 17. Kh1 Ng4 18. e5 h6 19. Bh7+ Kh8 20. Rxd4 Ne3 21. Qd3 Nxf1 22. Bf5 c5 23. Rd7 Qb6 24. Bh4 Bc8 25. Rd6 Bxf5 26. Qxf5 Qb7 27. Rxh6+ gxh6 28. Bf6+ Kg8 29. Qg4+ 1-0

[Event "*** Titled Tuesday Blitz"]
[Site "Chess.com"]
[Date "2020.12.01"]
[Round "11"]
[White "tk22h"]
[Black "Das_Virus_2020"]
[Result "0-1"]
[WhiteElo "2337"]
[BlackElo "2456"]
[TimeControl "180+1"]
[EndTime "12:03:51 PST"]
[Termination "Das_Virus_2020 won by resignation"]

1. c4 Nf6 2. Nc3 c5 3. Nf3 b6 4.
e3 Bb7 5. d4 e6 6. d5 d6 7. e4 e5 8. Bd3 g6 9. O-O Bg7 10. Bg5 O-O 11. Qd2 Re8 12. Ne1 Nbd7 13. g3 a6 14. a4 Qe7 15. Ng2 Qf8 16. Rae1 h6 17. Be3 Ng4 18. f4 Nxe3 19. Nxe3 exf4 20. gxf4 Nf6 21. e5 dxe5 22. f5 e4 23. Bc2 g5 24.
Kh1 Re5 25. Qg2 Rae8 26. Re2 Qe7 27. b3 Nh5 28. Rg1 Nf4 29. Qg4 Nxe2 30. Nxe2 Bc8 31.
Ng3 b5 32. axb5 axb5 33. Rf1 bxc4 34. Nxc4 Rxd5 35. Bxe4 Rd4 36. Re1 Qc7 37. Qf3 Qf4 38.
Rc1 Qxc1+ 0-1

[Event "*** Titled Tuesday Blitz"]
[Site "Chess.com"]
[Date "2020.12.01"]
[Round "11"]
[White "Manukyan_Artak"]
[Black "PawnEatingZombie"]
[Result "1-0"]
[WhiteElo "2381"]
[BlackElo "2193"]
[TimeControl "180+1"]
[EndTime "12:03:53 PST"]
[Termination "Manukyan_Artak won by resignation"]

1. e4 c6 2. d4 d5 3. e5 Bf5 4. c4 dxc4 5. Bxc4 e6 6. Nc3 Nd7 7. Nf3 Nb6 8. Bb3 Ne7 9. Nh4 Bg6 10. Bg5 Qd7 11. O-O Ned5 12. Nxg6 hxg6 13. Ne4 Be7 14. Bxe7 Kxe7 15. g3 f6 16. Nc5 Qc7 17. exf6+ gxf6 18. Re1 Kf7 19. Nxe6 Qd6 20. Nf4 Rae8 21. Qg4 g5 22.
Rxe8 Kxe8 23. Re1+ Kd8 24. Nxd5 Nxd5 25. Re6 Qb4 26.
Bxd5 cxd5 27. Rxf6 1-0

[Event "*** Titled Tuesday Blitz"]
[Site "Chess.com"]
[Date "2020.12.01"]
[Round "11"]
[White "anon219"]
[Black "Orest_Vovk"]
[Result "1-0"]
[WhiteElo "2761"]
[BlackElo "2577"]
[TimeControl "180+1"]
[EndTime "12:03:56 PST"]
[Termination "anon219 won by resignation"]

1. e4 Nc6 2. d4 e5 3. d5 Nce7 4. h4 h5 5. Bg5 Nf6 6. Nc3 Ng6 7. Nge2 Bc5 8. Ng3 d6 9. Na4 Bd4 10. c3 Bb6 11. Nxb6 axb6 12. Nxh5 Rxh5 13. Bxf6 Qxf6 14.
Qxh5 Bd7 15. Qg5 Ra4 16. f3 Qxg5 17. hxg5 b5 18. Kd2 b4 19. b3 bxc3+ 20. Kxc3 Ra5 21. g3 Rc5+ 22. Kd2 Ra5 23. a4 c6 24. b4 Ra8 25. dxc6 bxc6 26. a5 d5 27. exd5 cxd5 28. b5 e4 29. b6 Ne5 30. Rh8+ 1-0